Map: Cactus Valley LE (Void)

Players

GAMETIME - Winner!

  • Race: Zerg Zerg
  • League: Grandmaster
  • Spawn Location: 7:00

Railgan

  • Race: Zerg Zerg
  • League: Grandmaster
  • Spawn Location: 5:00

VOD

Have the link to the VOD?

Description

Time

  • Played on: Feb. 25, 2017, 5:30 p.m.
  • Length: 8:57
Show
View Real Time Build Order
Export as new Build Order

GAMETIME Zerg - Winner!

Build Orders: Hatch First 

Get SALT Encoding   

  12  0:01  Drone  
  13  0:12  Overlord  
  13  0:18  Drone  
  14  0:30  Drone  
  14  0:31  Drone  
  17  0:35  Drone  
  17  0:52  Hatchery  
  17  0:55  Drone  
  17  0:59  Drone  
  18  1:07  Drone  
  18  1:09  Extractor  
  18  1:19  Spawning Pool  
  18  1:21  Drone  
  18  1:28  Drone  
  19  1:49  Overlord  
  19  1:59  Drone  
  20  2:05  Drone, Queen  
  20  2:06  Queen  
  20  2:07  Zergling x2  
  26  2:09  Metabolic Boost  
  26  2:10  Zergling x2  
  26  2:15  Drone  
  28  2:21  Drone  
  29  2:26  Drone  
  30  2:33  Baneling Nest, Drone  
  30  2:37  Drone  
  31  2:46  Drone  
  31  2:48  Drone  
  33  2:54  Overlord  
  33  3:02  Hatchery  
  33  3:05  Overlord  
  32  3:08  Drone  
  33  3:16  Zergling x6  
  33  3:18  Zergling x2  
  37  3:20  Drone x2  
  40  3:27  Drone x2  
  40  3:28  Drone  
  40  3:31  Baneling  
  40  3:32  Drone  
  42  3:44  Drone, Overlord  
  42  3:48  Queen  
  43  3:49  Overlord  
  43  3:51  Drone  
  46  3:58  Roach Warren  
  46  4:00  Drone, Evolution Chamber  
  46  4:02  Drone  
  46  4:03  Drone  
  46  4:06  Drone  
  46  4:08  Drone  
  49  4:10  Drone  
  49  4:14  Drone x2  
  52  4:18  Extractor  
  51  4:29  Drone x6  
  51  4:30  Drone x2  
  58  4:37  Overlord  
  58  4:38  Overlord  
  58  4:45  Drone  
  58  4:46  Zerg Missile Weapons Level 1  
  58  4:47  Lair  
  58  4:56  Extractor  
  58  4:57  Extractor, Drone  
  58  4:58  Drone x6  
  63  5:09  Roach  
  63  5:10  Roach x4  
  63  5:11  Roach  
  74  5:17  Spine Crawler  
  74  5:18  Baneling x2, Overlord  
  74  5:20  Roach  
  75  5:29  Roach x5  
  75  5:30  Roach  
  87  5:35  Roach  
  87  5:37  Roach  
  87  5:40  Zergling x2  
  87  5:41  Zergling x4  
  86  5:43  Queen  
  86  5:47  Roach  
  84  5:53  Roach x2  
  84  5:54  Roach x2, Zergling x2  
  84  5:55  Zergling x6  
  94  5:57  Roach  
  94  6:00  Queen  
  98  6:06  Glial Reconstitution  
  98  6:08  Overlord x2  
  98  6:27  Drone x4  
  98  6:28  Drone x3  
  98  6:30  Overseer  
  103  6:33  Extractor, Roach  
  103  6:34  Roach x4  
  103  6:45  Drone x3  
  106  6:47  Roach  
  106  6:49  Roach x2  
  106  6:53  Overlord x3  
  105  7:02  Ravager x2  
  105  7:03  Ravager x3  
  105  7:04  Roach  
  111  7:10  Roach  
  111  7:13  Roach x3  
  111  7:14  Overlord x2  
  118  7:16  Roach  
  118  7:18  Roach  
  118  7:19  Roach  
  118  7:21  Roach  
  128  7:23  Roach  
  128  7:25  Roach  
  128  7:26  Roach  
  128  7:28  Roach  
  134  7:30  Roach  
  134  7:32  Roach  
  134  7:34  Roach  
  140  7:38  Overlord  
  140  7:39  Roach  
  141  7:46  Roach x2  
  141  7:47  Roach x2  
  141  7:49  Roach  
  141  7:51  Roach  
  153  7:54  Overlord  
  153  7:56  Overlord  
  153  8:02  Roach  
  153  8:08  Overlord  
  153  8:12  Roach  
  163  8:13  Roach x4  
  163  8:15  Roach  
  163  8:16  Roach  
  165  8:27  Roach  
  155  8:34  Roach  
  155  8:35  Roach x7  
  155  8:37  Roach  
Show
View Real Time Build Order
Export as new Build Order

Railgan Zerg 

Build Orders: Hatch First 

Get SALT Encoding   

  12  0:02  Drone  
  13  0:12  Overlord  
  13  0:18  Drone  
  14  0:31  Drone x2  
  14  0:34  Drone  
  17  0:45  Drone  
  18  0:57  Hatchery  
  18  0:59  Extractor  
  18  1:00  Drone  
  17  1:15  Spawning Pool  
  17  1:17  Drone  
  17  1:25  Drone  
  18  1:28  Drone  
  19  1:41  Drone  
  20  1:58  Drone  
  20  2:00  Overlord  
  21  2:08  Metabolic Boost, Queen  
  21  2:09  Queen  
  21  2:10  Zergling x2  
  21  2:15  Drone  
  27  2:19  Drone  
  28  2:24  Drone  
  28  2:25  Baneling Nest  
  28  2:31  Drone  
  28  2:32  Drone  
  30  2:41  Zergling x2  
  31  2:44  Queen  
  31  2:50  Overlord  
  33  3:03  Queen  
  33  3:04  Drone  
  35  3:05  Zergling x2  
  35  3:09  Baneling x2  
  35  3:11  Drone x2  
  38  3:14  Drone  
  38  3:18  Drone  
  38  3:19  Drone x2  
  42  3:22  Overlord  
  42  3:30  Drone x2  
  44  3:34  Overlord  
  44  3:42  Roach Warren  
  44  3:45  Baneling x2  
  43  3:50  Drone  
  43  3:53  Evolution Chamber  
  43  3:56  Drone x2  
  43  3:59  Drone, Overlord  
  43  4:01  Extractor  
  46  4:04  Evolution Chamber  
  46  4:09  Zergling x2  
  46  4:11  Lair  
  46  4:12  Drone x3  
  46  4:16  Zergling x2  
  49  4:25  Hatchery  
  49  4:28  Roach x2  
  49  4:29  Roach  
  54  4:32  Drone  
  54  4:37  Roach  
  54  4:38  Roach  
  59  4:45  Roach x2  
  61  4:48  Overlord  
  61  4:55  Zerg Missile Weapons Level 1  
  61  4:56  Zergling x2  
  61  4:57  Zergling x4  
  64  5:04  Zergling x8  
  64  5:06  Overlord x2  
  68  5:12  Glial Reconstitution  
  68  5:14  Zergling x2  
  68  5:15  Zergling x2  
  68  5:19  Drone  
  68  5:20  Extractor  
  70  5:23  Zergling x2  
  71  5:31  Baneling x2  
  71  5:32  Zergling x2  
  66  5:44  Zergling x18  
  70  5:52  Drone  
  69  5:57  Drone x2  
  69  5:59  Drone  
  72  6:04  Roach  
  72  6:08  Roach  
  76  6:15  Roach x2  
  80  6:19  Roach  
  80  6:20  Roach  
  80  6:22  Roach x5  
  80  6:23  Overlord  
  94  6:28  Roach  
  96  6:37  Roach x2  
  95  6:41  Roach  
  95  6:42  Roach  
  95  6:45  Drone x2  
  95  6:46  Drone x2  
  103  6:49  Roach  
  103  6:50  Overlord x2  
  104  6:54  Overlord  
  104  7:00  Roach  
  104  7:01  Roach x3  
  106  7:05  Overlord  
  105  7:10  Baneling  
  105  7:16  Roach x7  
  118  7:28  Drone x6  
  124  7:36  Roach  
  128  7:37  Roach  
  128  7:40  Roach  
  128  7:41  Roach  
  132  7:44  Roach  
  132  7:49  Roach  
  136  7:52  Overlord  
  136  7:55  Drone x2  
  138  8:01  Drone  
  138  8:02  Drone, Overlord  
  138  8:05  Extractor  
  137  8:06  Overlord x2  
  137  8:07  Overlord  
  137  8:11  Overlord  
  137  8:14  Overlord  
  137  8:17  Ravager x3  
  137  8:18  Extractor  
  138  8:20  Roach  
  140  8:28  Roach Warren, Zergling x16  
  129  8:34  Zergling x2  
Tags
 
Add a new tag
Caveats
  • Supply blocks, unpowered buildings, or Contaminate may cause inaccurate times.
  • Supply counts are checked every 10 seconds.